 Dungeon Crawl Stone Soup version 0.28-a0-1415-g7c84da036a (webtiles) character file.

Game seed: 3431648388034902287

3500 fragbeetle the Ruffian (level 9, -1/88 HPs)
             Began as a Black Draconian Transmuter on Jan 8, 2022.
             Was an Elder of Okawaru.
             Slain by an orc warrior (17 damage)
             ... in a bailey.
             The game lasted 00:25:51 (8704 turns).

fragbeetle the Ruffian (Black Draconian Transmuter) Turns: 8704, Time: 00:25:51

Health: -1/88      AC: 10    Str: 15    XL:     9   Next: 80%
Magic:  8/12       EV: 11    Int: 13    God:    Okawaru [****..]
Gold:   358        SH:  0    Dex: 14    Spells: 4/12 levels left

rFire   x . .      SeeInvis .     - Unarmed
rCold   + + +      Faith    .   (shield currently unavailable)
rNeg    . . .      Spirit   .   (armour unavailable)
rPois   +          Reflect  .   (helmet currently unavailable)
rElec   .          Harm     .   (cloak currently unavailable)
rCorr   .          Rampage  .   (gloves currently unavailable)
Will    .....                   (boots currently unavailable)
Stlth   +.........              (no amulet)
HPRegen 0.24/turn               c - ring of poison resistance
MPRegen 0.13/turn               k - +4 ring of protection

@: ice-form
A: freezing attack, amphibious, boosted hp, (breathe lightning), AC +7, large,
unfitting armour, (electricity resistance), (cold-blooded)
a: End Transformation, Renounce Religion, Heroism, Finesse


You were in a bailey.
You worshipped Okawaru.
Okawaru was greatly pleased with you.
You were a creature of crystalline ice.
You visited 2 branches of the dungeon, and saw 9 of its levels.
You also visited: Sewer and Bailey.

You collected 358 gold pieces.

Inventory:

Hand Weapons
 u - a +0 hunting sling of venom
Missiles
 e - 79 sling bullets
 g - 261 stones
 j - 16 poisoned darts (quivered)
 r - a throwing net
 v - 2 curare-tipped darts
 C - 2 boomerangs
 E - 3 atropa-tipped darts
Jewellery
 c - a ring of poison resistance (left front paw)
 k - a +4 ring of protection (right front paw)
 l - a ring of fire
 n - a ring of positive energy
Wands
 G - a wand of paralysis (8)
Scrolls
 a - 3 scrolls of blinking
 b - 3 scrolls of fog
 d - 2 scrolls of enchant armour
 h - 2 scrolls of torment
 i - 4 scrolls of teleportation
 o - 2 scrolls of fear
 z - 2 scrolls of enchant weapon
 A - a scroll of noise {unknown}
 D - a scroll of summoning {unknown}
Potions
 m - a potion of flight {unknown}
 p - 3 potions of haste
 q - 2 potions of heal wounds {unknown}
 t - a potion of mutation {unknown}
 w - a potion of degeneration {unknown}
 x - a potion of lignification {unknown}
 B - a potion of attraction {unknown}
 F - a potion of resistance {unknown}


   Skills:
 + Level 5.6 Fighting
 + Level 5.0 Dodging
 * Level 7.9 Unarmed Combat
 - Level 2.0 Spellcasting
 * Level 7.6 Transmutations
 + Level 4.5 Ice Magic
 - Level 3.3 Poison Magic


You had 4 spell levels left.
You knew the following spells:

 Your Spells              Type           Power      Damage    Failure   Level
a - Beastly Appendage     Tmut           42%        N/A       1%          1
b - Spider Form           Tmut/Pois      15%        N/A       9%          3
c - Ice Form              Ice/Tmut       17%        N/A       21%         4

Your spell library contained the following spells:

 Spells                   Type           Power      Damage    Failure   Level
 Wereblood                Tmut           21%        N/A       1%          2
 Blink                    Tloc           2%         N/A       36%         2
 Dazzling Flash           Conj/Hex       2%         N/A       58%         3
 Inner Flame              Hex/Fire       1%         N/A       58%         3
 Lesser Beckoning         Tloc           1%         N/A       58%         3
 Cause Fear               Hex            0%         N/A       94%         4
 Iskenderun's Mystic Bla  Conj/Tloc      1%         2d3       94%         4
 Eringya's Noxious Bog    Tmut/Pois      7%         N/A       99%         6
 Manifold Assault         Tloc           1%         N/A       100%        5
 Conjure Ball Lightning   Conj/Air       0%         3x3d6     100%        6
 Starburst                Conj/Fire      0%         6d3       100%        6
 Discord                  Hex            0%         N/A       100%        8
 Maxwell's Capacitive Co  Air            0%         ∞         100%        8
 Summon Small Mammal      Summ           Unusable   N/A       N/A         1
 Call Canine Familiar     Summ           Unusable   N/A       N/A         3
 Summon Guardian Golem    Hex/Summ       Unusable   N/A       N/A         3

Dungeon Overview and Level Annotations

Branches:
Dungeon (8/15)             Temple (1/1) D:4           Sewer (visited)
 Bailey (1/1)
   Lair: D:8-11

Altars:
Ashenzari
Dithmenos
Fedhas
Gozag
Hepliaklqana
Kikubaaqudgha
Makhleb
Nemelex Xobeh
Okawaru
Qazlal
Ru
Sif Muna
Trog
Uskayaw
Vehumet
Xom
Yredelemnul
Zin
The Shining One

Shops:
D:2 :


Innate Abilities, Weirdness & Mutations

You are a creature of crystalline ice.
You have a powerful freezing melee attack.
You are amphibious.
Your maximum health is increased.
Your armour is entirely melded.
You are incapable of wielding weapons or throwing items.
((You can breathe wild blasts of lightning.))
((Your glossy black scales are hard. (AC +7)))
You cannot fit into any form of body armour.
((You are resistant to electric shocks. (rElec)))
((You are cold-blooded and may be slowed by cold attacks.))


Message History

You pummel the orc knight!! You freeze the orc knight!
The orc knight is severely wounded.
The orc knight hits you with a +0 war axe!
The orc warrior hits you with a +0 war axe!
You barely miss the orc knight.
The orc knight is severely wounded.
The orc knight barely misses you.
The orc warrior hits you with a +0 war axe!!
You punch the orc knight! You freeze the orc knight.
The orc knight is almost dead.
The orc knight barely misses you.
You closely miss the orc knight.
The orc knight is almost dead.
The orc warrior barely misses you.
You barely miss the orc knight.
The orc knight is almost dead.
The orc knight hits you with a +0 war axe.
The orc warrior barely misses you.
You hit the orc knight. You freeze the orc knight.
You kill the orc knight!
Okawaru is honoured by your kill.
You can now speed up your combat.
The orc warrior hits you with a +0 war axe!!
* * * LOW HITPOINT WARNING * * *
Your base Dodging skill increases to level 5!
You barely miss the orc warrior.
The orc warrior is heavily wounded.
You hit the orc warrior but do no damage.
The orc warrior is heavily wounded.
You feel like a meek peon again. The orc warrior barely misses you.
You hit the orc warrior but do no damage.
The orc warrior is heavily wounded.
You hit the orc warrior. You freeze the orc warrior.
The orc warrior is severely wounded.
The orc warrior misses you.
You hit the orc warrior. You freeze the orc warrior.
The orc warrior is almost dead.
The orc warrior closely misses you.
The orc warrior hits you with a +0 war axe!
You die...

!...... #. .......
#. ....⌠.. #.
....... #. !......
#. ..... ### ###
...###.### ###.#
#o#.....### ###....
##oY.......###......
#...........#.......
#...........#.......
#.....⌠.....#.....⌠.
#...........))......
#...........#.......
##.........###......
###.....### ###....
###.### ###.#


You could see 2 orc warriors.

Vanquished Creatures
  2 orc knights (Bailey)
  An acid dragon (D:8)
  A sky beast (D:6)
  5 orc warriors
  Pargi (Sewer)
  A black bear (D:7)
  A hornet zombie (D:7)
  A centaur (D:7)
  A phantom (D:6)
  2 kobold brigands
  A gnoll sergeant (D:5)
  A wyvern skeleton (D:7)
  3 scorpions
  2 howler monkeys
  A wight (D:8)
  5 hounds
  An orc priest (D:7)
  A gnoll shaman (D:6)
  5 iguanas
  5 orc wizards
  A killer bee zombie (D:6)
  A hound zombie (D:5)
  2 howler monkey zombies (D:7)
  18 gnolls
  5 adders
  4 howler monkey skeletons
  2 white imps (D:5)
  An ufetubus (D:5)
  2 worms
  2 dart slugs
  35 orcs
  9 ball pythons
  3 endoplasms
  6 giant cockroaches
  14 hobgoblins
  8 quokkas
  8 bats
  7 frilled lizards
  21 goblins
  13 kobolds
  7 rats
210 creatures vanquished.

Notes
Turn   | Place    | Note
-------+----------+-------------------------------------------
     0 | D:1      | fragbeetle the Draconian Transmuter began the quest for the
                  | Orb.
     0 | D:1      | Reached XP level 1. HP: 16/16 MP: 3/3
   272 | D:1      | Reached XP level 2. HP: 22/23 MP: 3/5
   967 | D:2      | Found Giyzotacid's Book Boutique.
   983 | D:2      | Found a faded altar of an unknown god.
  1053 | D:2      | Reached XP level 3. HP: 24/28 MP: 4/6
  1057 | D:2      | Learned a level 3 spell: Spider Form
  1229 | D:2      | Found an opulent altar of Gozag.
  1900 | D:3      | Found an ancient bone altar of Kikubaaqudgha.
  1908 | D:3      | Reached XP level 4. HP: 33/36 MP: 5/7
  1917 | D:3      | Found a shimmering blue altar of Sif Muna.
  1936 | D:3      | Found a radiant altar of Vehumet.
  1946 | D:3      | Reached skill level 1 in Poison Magic
  2020 | D:3      | Found a hide-covered altar of Uskayaw.
  2077 | D:3      | Found a glowing drain.
  2092 | D:3      | Reached XP level 5. HP: 39/41 MP: 6/8
  2103 | Sewer    | Entered a sewer
  2114 | Sewer    | Learned a level 4 spell: Ice Form
  2131 | Sewer    | Noticed Pargi
  2148 | Sewer    | Killed Pargi
  2407 | D:3      | Reached XP level 6. HP: 49/49 MP: 9/9
  2842 | D:4      | Reached skill level 1 in Ice Magic
  2997 | D:4      | Found a basalt altar of Yredelemnul.
  3142 | D:4      | Your scales start taking on a glossy black colour.
  3142 | D:4      | Reached XP level 7. HP: 54/56 MP: 10/10
  3142 | D:4      | Gained mutation: You are resistant to electric shocks.
                  | (rElec) [Black Draconian growth]
  3270 | D:4      | Found a staircase to the Ecumenical Temple.
  3279 | Temple   | Entered the Ecumenical Temple
  3343 | Temple   | Became a worshipper of Warmaster Okawaru
  3626 | D:4      | Reached skill level 5 in Unarmed Combat
  3858 | D:5      | Entered Level 5 of the Dungeon
  3917 | D:5      | Found a stormy altar of Qazlal.
  4373 | D:5      | Got Etamuloumm's Papyrus of Changing and Lightness
  4656 | D:5      | Reached * piety under Okawaru
  4657 | D:5      | Reached skill level 5 in Transmutations
  4874 | D:6      | Found an opulent altar of Gozag.
  4980 | D:6      | Reached XP level 8. HP: 64/64 MP: 9/11
  5242 | D:6      | Found an opulent altar of Gozag.
  5730 | D:6      | Reached ** piety under Okawaru
  6325 | D:7      | Found a blossoming altar of Fedhas.
  7081 | D:7      | Reached XP level 9. HP: 56/72 MP: 10/12
  7595 | D:8      | Found a flagged portal.
  7607 | Bailey   | Entered a bailey
  8117 | Bailey   | Noticed an orc knight
  8178 | Bailey   | Reached *** piety under Okawaru
  8179 | Bailey   | Reached skill level 5 in Fighting
  8328 | Bailey   | Noticed an orc knight
  8366 | Bailey   | Killed an orc knight
  8699 | Bailey   | Killed an orc knight
  8699 | Bailey   | Reached **** piety under Okawaru
  8700 | Bailey   | Reached skill level 5 in Dodging
  8704 | Bailey   | Slain by an orc warrior

Illustrated notes

Levels and vault maps discovered:
D:1:      lemuel_arrival_funnel, layout_basic
D:2:      layout_rooms, nicolae_ecumenical_oubliette, basic_altar, serial_shops,
          shop, minivault_25
D:3:      layout_basic, palyth_temple_overflow_mages,
          mainiacjoe_overflow_small_starburst, gup_sewer_entry_pipe,
          corexii_item_surrounded_by_moat, kennysheep_path_1
D:4:      layout_loops_ring, mainiacjoe_overflow_alcove_4,
          minmay_temple_entry_poolview, grunt_decor_resistance
D:5:      layout_rooms, nicolae_qazlal_general_emergency
D:6:      layout_basic, nicolae_gozag_seed_capital, st_stairs_7,
          kennysheep_flooded_box, minmay_misc_feat_square, serial_bayou_pond_e
D:7:      layout_loops_corners, fedhas_altar_1, corexii_corridor_pit
D:8:      kennysheep_ambush_hall, layout_basic, cheibrodos_worm_habitat,
          enter_bailey_5, hangedman_decor_riveting, minmay_misc_feat_cross,
          grunt_decor_arrowhead, interstate_on_off, kennysheep_generic_room_15
Temple:   jpeg_temple_clearing
Bailey:   bailey_axe_minmay_hex_keep, bailey

Skill      XL: |  1  2  3  4  5  6  7  8  9 |
---------------+----------------------------+-----
Dodging        | 2 3 4 5 |  5.0
Fighting       | 2 3 4 5 |  5.6
Transmutations | 3 4 5 6 7 |  7.6
Unarmed Combat | 4 5 6 7 |  7.9
Poison Magic   | 1 2 3 |  3.3
Ice Magic      | 1 2 3 4 |  4.5
Spellcasting   | |  2.0

Action                   |  1- 3 |  4- 6 |  7- 9 || total
-------------------------+-------+-------+-------++-------
Melee: Unarmed           |   127 |   132 |   408 ||   667
       Tailslap          |    14 |    14 |    25 ||    53
       Kick              |    14 |    31 |    58 ||   103
       Headbutt          |    14 |    23 |    35 ||    72
       Punch             |     1 |     1 |     5 ||     7
 Cast: Beastly Appendage |    28 |    24 |    29 ||    81
       Spider Form       |       |     2 |    16 ||    18
       Ice Form          |       |       |     9 ||     9
Invok: Heroism           |       |       |     3 ||     3
 Abil: End Transformatio |       |       |     1 ||     1
  Use: Scroll            |       |       |    10 ||    10
Armor: Skin              |    46 |    52 |    87 ||   185
Dodge: Dodged            |    73 |    84 |   243 ||   400

Table legend: (Time is in decaauts)
 A = Elapsed time spent in this place.
 B = Non-inter-level travel time spent in this place.
 C = Inter-level travel time spent in this place.
 D = Time resting spent in this place.
 E = Time spent auto-exploring this place.
 F = Levels seen in this place.
 G = Mean time per level.
                   A        B        C        D        E       F      G
               +--------+--------+--------+--------+--------+-----+--------+
         Total |   8668 |   8378 |    290 |   1243 |   4770 |  11 |  788.0 |
       Dungeon |   7268 |   6978 |    290 |    470 |   4677 |   8 |  908.5 |
        Temple |    162 |    162 |      0 |      0 |     93 |   1 |  162.0 |
         Sewer |    156 |    156 |      0 |      0 |      0 |   1 |  156.0 |
        Bailey |   1081 |   1081 |      0 |    773 |      0 |   1 | 1081.0 |
               +--------+--------+--------+--------+--------+-----+--------+

Top non-repeatable levels by time:
     D:7: 1332 daAuts
     D:6: 1241 daAuts
  Bailey: 1081 daAuts
     D:3: 952 daAuts
     D:1: 937 daAuts
     D:4: 898 daAuts
     D:5: 895 daAuts
     D:2: 761 daAuts
     D:8: 249 daAuts
  Temple: 162 daAuts
   Sewer: 156 daAuts
